 Dungeon Crawl Stone Soup version 0.28-a0-384-g9e0c098162 (webtiles) character file.

Game seed: 15443553861441104077

17 SolCadguy the Chopper (level 2, -1/23 HPs)
             Began as a Palentonga Warper on Sept 2, 2021.
             Slain by a worm (5 damage)
             ... on level 2 of the Dungeon.
             The game lasted 00:01:24 (1176 turns).

SolCadguy the Chopper (Palentonga Warper)           Turns: 1176, Time: 00:01:25

Health: -1/23      AC:  4    Str: 14    XL:     2   Next: 44%
Magic:  5/5        EV:  9    Int: 13    God:
Gold:   46         SH:  0    Dex:  9    Spells: 5/5 levels left

rFire   . . .      SeeInvis +   a - +0 hand axe
rCold   . . .      Faith    .   (no shield)
rNeg    . . .      Spirit   .   b - +0 leather armour
rPois   .          Reflect  .   (no helmet)
rElec   .          Harm     .   (no cloak)
rCorr   .          Rampage  .   (no gloves)
Will    .....                   (no barding)
Stlth   +.........              (no amulet)
HPRegen 0.07/turn               (no ring)
MPRegen 0.09/turn               (no ring)

@: no status effects
A: large, rugged brown scales 3, see invisible, deformed body, roll 1, armoured
tail
a: Rolling Charge


You were on level 2 of the Dungeon.
You visited 1 branch of the dungeon, and saw 2 of its levels.

You collected 46 gold pieces.

Inventory:

Hand Weapons
 a - a +0 hand axe (weapon)
Missiles
 d - 4 boomerangs of dispersal (quivered)
 k - 13 sling bullets
 l - 25 stones
Armour
 b - a +0 leather armour (worn)
Scrolls
 c - a scroll of blinking
 e - a scroll of acquirement {unknown}
 g - 2 scrolls of teleportation {unknown}
 h - a scroll of identify {unknown}
 j - a scroll of enchant weapon {unknown}
Potions
 f - 2 potions of attraction {unknown}
 i - a potion of flight {unknown}


   Skills:
 - Level 2.0 Fighting
 + Level 3.1 Axes
 - Level 0.6 Throwing
 - Level 0.7 Armour
 - Level 1.5 Dodging
 - Level 2.0 Spellcasting
 - Level 3.0 Translocations


You had 5 spell levels left.
You didn't know any spells.
Your spell library contained the following spells:

 Spells                   Type           Power      Damage    Failure   Level
 Blink                    Tloc           N/A        N/A       14%         2
 Gell's Gravitas          Tloc           4%         N/A       28%         3
 Lesser Beckoning         Tloc           9%         N/A       28%         3
 Teleport Other           Tloc           9%         N/A       28%         3
 Manifold Assault         Tloc           9%         N/A       95%         5


Dungeon Overview and Level Annotations

Branches:
Dungeon (2/15)

Altars:


Innate Abilities, Weirdness & Mutations

You are completely covered in rugged brown scales. (AC +3, +7% HP)
You have supernaturally acute eyesight. (SInv)
Armour fits poorly on your strangely shaped body.
You can roll at nearby foes to attack.
You have a long armoured tail.


Message History

The goblin is moderately wounded.
The goblin closely misses you.
You barely miss the goblin.
Your tail-slap misses the goblin.
The goblin hits you with a +0 dagger.
You hit the goblin.
The goblin is almost dead.
The goblin closely misses you. The goblin hits you but does no damage.
You hit the goblin.
You kill the goblin!
No target in view!
A worm comes into view.
Roll where?
Press: ? - help, Dir - move target, f - worm
Aim: a worm You roll forward with a clatter of scales!
You hit the worm but do no damage. The worm closely misses you.
Unknown command.
You hit the worm.
The worm is lightly wounded.
The worm bites you!
You hit the worm.
The worm is lightly wounded.
You barely miss the worm.
The worm is lightly wounded.
The worm bites you.
You are too injured to fight recklessly!
You are too injured to fight recklessly!
You are too injured to fight recklessly!
You are too injured to fight recklessly!
You barely miss the worm.
The worm is lightly wounded.
You hit the worm.
The worm is moderately wounded.
The worm bites you!
* * * LOW HITPOINT WARNING * * *
You hit the worm.
The worm is moderately wounded.
The worm bites you but does no damage. The worm bites you.
You die...

######...####
#.####............
#.##..............
#.##.#........[...
#.##.######...###.
#.##.### #...# #.
#....).# #...# #.
#..#.#.# #...# ##
#.####@.#.#.#
#...# #....w....#
# #...#
....####..###
..... # ...#
###... #####


You could see a worm.

Vanquished Creatures
  A dart slug (D:1)
  An endoplasm (D:1)
  A giant cockroach (D:1)
  5 ball pythons
  2 bats
  2 goblins
  3 kobolds
  2 rats
17 creatures vanquished.

Notes
Turn   | Place    | Note
-------+----------+-------------------------------------------
     0 | D:1      | SolCadguy the Palentonga Warper began the quest for the
                  | Orb.
     0 | D:1      | Reached XP level 1. HP: 17/17 MP: 3/3
   296 | D:1      | Found a faded altar of an unknown god.
   300 | D:1      | Reached XP level 2. HP: 23/23 MP: 5/5
  1176 | D:2      | Slain by a worm

Illustrated notes

Levels and vault maps discovered:
D:1:      beargit_arrival_greenhouse, layout_basic,
          dreamdust_ecumenical_altar_grove
D:2:      layout_loops_cross, basic_altar

Skill      XL: |  1  2 |
---------------+-------+-----
Axes           | 3 |  3.1
Fighting       | |  2.0
Throwing       | |  0.6
Armour         | |  0.7
Dodging        | |  1.5
Spellcasting   | |  2.0
Translocations | |  3.0

Action                   || total
-------------------------++-------
Melee: Hand axe          ||    47
       Tailslap          ||     5
Throw: Boomerang         ||     1
 Abil: Rolling Charge    ||     6
Armor: Leather armour    ||    13
Dodge: Dodged            ||    23

Table legend: (Time is in decaauts)
 A = Elapsed time spent in this place.
 B = Non-inter-level travel time spent in this place.
 C = Inter-level travel time spent in this place.
 D = Time resting spent in this place.
 E = Time spent auto-exploring this place.
 F = Levels seen in this place.
 G = Mean time per level.
                   A        B        C        D        E       F      G
               +--------+--------+--------+--------+--------+-----+--------+
         Total |   1183 |   1106 |     77 |      3 |    982 |   2 |  591.5 |
       Dungeon |   1183 |   1106 |     77 |      3 |    982 |   2 |  591.5 |
               +--------+--------+--------+--------+--------+-----+--------+

Top non-repeatable levels by time:
     D:1: 857 daAuts
     D:2: 326 daAuts
